 Dungeon Crawl Stone Soup version 0.20.0-10-g0535bb4 (webtiles) character file.

8327 Gorglomux the Cleaver (level 11, -8/108 HPs)
             Began as a Hill Orc Monk on June 4, 2017.
             Was an Elder of Beogh.
             Mangled by a blink frog (13 damage)
             ... on level 1 of the Lair of Beasts.
             The game lasted 00:15:48 (11811 turns).

Gorglomux the Cleaver (Hill Orc Monk)              Turns: 11811, Time: 00:15:49

Health: -8/108     AC:  9    Str: 17    XL:     11   Next: 29%
Magic:  15/15      EV:  7    Int: 10    God:    Beogh [****..]
Gold:   755        SH:  0    Dex: 14    Spells: 10/10 levels left

rFire    . . .     SeeInvis .   U - +0 broad axe
rCold    . . .     Gourm    .   (no shield)
rNeg     . . .     Faith    .   w - +0 chain mail
rPois    .         Spirit   .   s - +1 hat
rElec    .         Reflect  .   (no cloak)
rCorr    .         Harm     .   (no gloves)
MR       +....                  (no boots)
Stlth    ..........             (no amulet)
Regen    0.3/turn               m - ring of protection from magic
MPRegen  0.2/turn               y - +1 ring of slaying

@: no status effects
A: no striking features
a: Smiting, Recall Orcish Followers, Renounce Religion


You were on level 1 of the Lair of Beasts.
You worshipped Beogh.
Beogh was greatly pleased with you.
You were not hungry.

You visited 3 branches of the dungeon, and saw 13 of its levels.

You collected 755 gold pieces.

Inventory:

Hand Weapons
 G - the +6 hand axe of Rudghesi {protect, MR+ Stlth+}
   (You found it on level 6 of the Dungeon)

   It protects the one who uses it against injury (+AC on strike).
   It affects your resistance to hostile enchantments.
   It makes you more stealthy.
 K - a +0 battleaxe
 U - a +0 broad axe (weapon)
Missiles
 Z - 4 throwing nets (quivered)
Armour
 b - a +0 robe
 s - a +1 hat (worn)
 w - a +0 chain mail (worn)
 A - a +0 ring mail
Jewellery
 f - an uncursed ring of protection from fire
 l - a +4 ring of strength
 m - a ring of protection from magic (left hand)
 y - a +1 ring of slaying (right hand)
Wands
 C - a wand of confusion (43/48)
 E - a wand of enslavement (8/24)
Scrolls
 j - 2 scrolls of fear
 o - a scroll of noise {unknown}
 p - a scroll of acquirement {unknown}
 x - 2 scrolls of magic mapping {unknown}
 B - 2 scrolls of enchant weapon {unknown}
 F - a scroll of enchant armour {unknown}
 L - a scroll of blinking {unknown}
 M - a scroll of remove curse
 O - a scroll of amnesia {unknown}
 T - 9 scrolls of teleportation
 X - 3 scrolls of recharging
Potions
 i - 5 potions of flight
 q - a potion of invisibility
 v - 2 potions of mutation {!q}
 D - a potion of magic
 H - a potion of ambrosia
 I - a potion of cancellation
 N - 2 potions of haste
 P - a potion of agility
 Q - 7 potions of curing
 W - a potion of might
 Y - 4 potions of brilliance
Books
 r - a book of Necromancy

   Spells                             Type                      Level
   a - Pain                           Necromancy                   1
   b - Animate Skeleton               Necromancy                   1
   c - Vampiric Draining              Necromancy                   3
   d - Regeneration                   Charms/Necromancy            3
   e - Animate Dead                   Necromancy                   4
   f - Control Undead                 Necromancy                   4
 t - a book of Maledictions

   Spells                             Type                      Level
   a - Corona                         Hexes                        1
   b - Ensorcelled Hibernation        Hexes/Ice                    2
   c - Confuse                        Hexes                        3
   d - Tukima's Dance                 Hexes                        3
   e - Dazzling Spray                 Conjuration/Hexes            3
 V - a book of Minor Magic

   Spells                             Type                      Level
   a - Magic Dart                     Conjuration                  1
   b - Blink                          Translocation                2
   c - Call Imp                       Summoning                    2
   d - Slow                           Hexes                        2
   e - Conjure Flame                  Conjuration/Fire             3
   f - Mephitic Cloud                 Conjuration/Poison/Air       3
Miscellaneous
 u - a lightning rod (4/4)
Comestibles
 c - 9 bread rations
 z - 3 meat rations
 J - 4 fruits
 R - 3 chunks of flesh
 S - 4 royal jellies


   Skills:
 + Level 13.9 Fighting
 + Level 14.8 Axes
 - Level 2.4 Dodging
 - Level 1.5 Stealth
 + Level 5.8 Invocations


You had 10 spell levels left.
You didn't know any spells.

Dungeon Overview and Level Annotations

Branches:
Dungeon (11/15)            Temple (1/1) D:5            Lair (1/6) D:8
    Orc (0/2) D:10

Altars:
Ashenzari
Dithmenos
Elyvilon
Fedhas
Gozag
Hepliaklqana
Kikubaaqudgha
Nemelex Xobeh
Ru
Sif Muna
Trog
Uskayaw
Vehumet
Xom
Zin

Shops:
D:2 *

Annotations:
D:8 vonhedlund's ghost, novice DrCj
D:9 ballsack's ghost, journeyman OpCj


Message History

You slash the blink frog!
You kill the blink frog!
Beogh accepts your kill.
You closely miss the blink frog. The blink frog hits you!
* * * LOW HITPOINT WARNING * * *
The blink frog blinks!
The blink frog hits you but does no damage.
The blink frog blinks!
The blink frog hits you!
* * * LOW HITPOINT WARNING * * *
Your chain mail prevents you from hitting the blink frog.
The blink frog hits you but does no damage.
You hit the blink frog.
The blink frog is lightly wounded.
The blink frog hits you!
* * * LOW HITPOINT WARNING * * *
You closely miss the blink frog.
The blink frog is lightly wounded.
The blink frog hits you!
You die...

##### ### ############
#.#P####.##### #..........####
####.............
#...........#.###.#..............
.............FFF@................
............†##########.##.......
.............# ###....####
.............## ##...#
..............## #...#
......♣≈♣≈≈≈≈≈≈# #...#
.♣≈♣♣≈≈≈♣♣≈♣♣≈≈♣ #...# P≈≈≈♣≈≈
♣≈≈≈P≈♣ #...# ≈≈≈≈P ≈≈≈≈≈≈≈


You could see 3 blink frogs.

Vanquished Creatures
  Pikel (D:8)
  Joseph (D:8)
  A rime drake (Lair:1)
  A kobold demonologist (D:11)
  2 komodo dragons (Lair:1)
  A hornet (D:10)
  2 hippogriffs
  A blink frog (Lair:1)
  Sigmund (D:2)
  A wyvern (D:11)
  3 hungry ghosts
  An acid dragon (D:8)
  A warg (D:10)
  A water moccasin (Lair:1)
  Duvessa (D:6)
  A slave (D:8)
  An ice beast (D:10)
  A hornet zombie (D:11)
  2 black bears
  3 necrophages
  2 ogres
  5 centaurs
  A big kobold (D:10)
  5 bullfrogs
  A gnoll sergeant (D:7)
  Dowan (D:6)
  7 scorpions
  4 killer bees
  A water moccasin skeleton (D:6)
  3 wights (D:9)
  3 crimson imps
  5 howler monkeys
  2 quasits
  A centaur skeleton (D:10)
  2 centaur zombies
  A bullfrog skeleton (D:8)
  4 hounds
  A jelly (D:6)
  9 orc wizards
  An iguana (D:10)
  4 worker ants
  A hound zombie (D:6)
  12 gnolls
  16 adders
  2 shadow imps
  An ooze (D:6)
  An adder skeleton (D:8)
  An adder zombie (D:9)
  2 worms
  A dart slug (D:1)
  2 leopard geckos
  27 orcs
  6 bats
  9 giant cockroaches
  10 goblins
  16 hobgoblins
  9 jackals
  7 quokkas
  A ball python skeleton (D:4)
  3 frilled lizards
  13 kobolds
  2 quokka skeletons
  11 rats
  A fungus (Lair:1)
  2 plants (Lair:1)
246 creatures vanquished.

Vanquished Creatures (collateral kills)
  A two-headed ogre (D:11)
  A komodo dragon (Lair:1)
  3 yaks (D:11)
  2 hungry ghosts (D:11)
  An orc warrior (D:10)
  A bullfrog (Lair:1)
  2 hounds
11 creatures vanquished.

Vanquished Creatures (others)
  An orc knight (Lair:1)
  An orc priest (D:11)
  2 orc warriors
  A slave (D:8)
  10 orcs
  6 plants (Lair:1)
21 creatures vanquished.

Grand Total: 278 creatures vanquished

Notes
Turn   | Place    | Note
-------+----------+-------------------------------------------
     0 | D:1      | Gorglomux the Hill Orc Monk began the quest for the Orb.
     0 | D:1      | Reached XP level 1. HP: 19/19 MP: 1/1
    90 | D:1      | Reached XP level 2. HP: 26/27 MP: 2/2
   412 | D:1      | Reached XP level 3. HP: 33/34 MP: 3/3
   781 | D:2      | Found a hazy altar of Hepliaklqana.
   918 | D:2      | Reached skill level 5 in Axes
   918 | D:2      | Reached XP level 4. HP: 27/42 MP: 4/4
  1081 | D:2      | Found Zin's Purification Station.
  1081 | D:2      | Found a glowing silver altar of Zin.
  1160 | D:2      | Noticed Sigmund
  1192 | D:2      | Killed Sigmund
  1192 | D:2      | Reached skill level 6 in Fighting
  1192 | D:2      | Reached skill level 6 in Axes
  1192 | D:2      | Reached XP level 5. HP: 49/50 MP: 5/5
  1645 | D:2      | Reached XP level 6. HP: 55/57 MP: 6/6
  2486 | D:3      | Reached skill level 7 in Axes
  3378 | D:4      | Reached XP level 7. HP: 66/66 MP: 7/7
  3431 | D:4      | Reached skill level 8 in Axes
  3644 | D:5      | Entered Level 5 of the Dungeon
  3747 | D:5      | Found a white marble altar of Elyvilon.
  3904 | D:5      | Found a shimmering altar of Xom.
  3984 | D:5      | Found a staircase to the Ecumenical Temple.
  3999 | Temple   | Entered the Ecumenical Temple
  4091 | D:6      | You fall through a shaft for 2 floors!
  4197 | D:10     | Entered Level 10 of the Dungeon
  4197 | D:10     | Noticed a hornet
  4199 | D:10     | Became a worshipper of Beogh the Brigand
  4199 | D:10     | Reached * piety under Beogh
  4199 | D:10     | Reached ** piety under Beogh
  4199 | D:10     | Paralysed by a hornet for 2 turns
  4206 | D:10     | Killed a hornet
  4206 | D:10     | Reached XP level 8. HP: 38/75 MP: 8/8
  4248 | D:8      | Noticed Pikel
  4509 | D:8      | Reached skill level 9 in Axes
  4679 | D:8      | Reached skill level 9 in Fighting
  4688 | D:8      | Noticed Joseph
  4862 | D:8      | Killed Joseph
  4862 | D:8      | Reached skill level 10 in Axes
  5566 | D:6      | Noticed Duvessa
  5566 | D:6      | Noticed Dowan
  5573 | D:6      | Killed Duvessa
  5573 | D:6      | Reached XP level 9. HP: 74/85 MP: 9/9
  5574 | D:6      | Killed Dowan
  5684 | D:6      | Reached skill level 11 in Axes
  5929 | D:6      | Got a crude hand axe
  5930 | D:6      | Identified the +6 hand axe of Rudghesi {protect, MR+ Stlth+} (You found it on level 6 of the Dungeon)
  6243 | D:7      | Reached *** piety under Beogh
  6373 | D:7      | Got a heavily runed ring mail
  6384 | D:7      | Identified the +4 ring mail of Reyboa {*Slow Int+6} (You found it on level 7 of the Dungeon)
  6800 | D:8      | Reached skill level 12 in Axes
  6896 | D:8      | Noticed vonhedlund's ghost (novice DrCj)
  7753 | D:8      | Killed Pikel
  7753 | D:8      | Reached skill level 12 in Fighting
  7753 | D:8      | Reached XP level 10. HP: 81/97 MP: 10/10
  7813 | D:8      | Found a staircase to the Lair.
  8273 | D:9      | Reached skill level 13 in Axes
  8373 | D:9      | Found an ancient bone altar of Kikubaaqudgha.
  8913 | D:9      | Found a deep blue altar of Sif Muna.
  8918 | D:9      | Found a shadowy altar of Dithmenos.
  8919 | D:9      | Found a bloodstained altar of Trog.
  8920 | D:9      | Found a shattered altar of Ashenzari.
  8920 | D:9      | Found a sparkling altar of Nemelex Xobeh.
  8920 | D:9      | Found a sacrificial altar of Ru.
  8922 | D:9      | Found a blossoming altar of Fedhas.
  8940 | D:9      | Noticed ballsack's ghost (journeyman OpCj)
  9291 | D:10     | Found a staircase to the Orcish Mines.
  9459 | D:10     | Reached **** piety under Beogh
  9689 | D:11     | Found a hide-covered altar of Uskayaw.
  9805 | D:11     | Reached skill level 1 in Invocations
  9866 | D:11     | Reached skill level 14 in Axes
 10021 | D:11     | Noticed a two-headed ogre
 10045 | D:11     | Killed a two-headed ogre
 10045 | D:11     | Reached skill level 3 in Invocations
 10133 | D:11     | Reached XP level 11. HP: 19/107 MP: 12/14
 10345 | D:11     | Gained Gorm as an ally
 10755 | Lair:1   | Entered Level 1 of the Lair of Beasts
 11419 | Lair:1   | Your ally Gorm died
 11810 | Lair:1   | HP: 5/108 [blink frog (16)]
 11811 | Lair:1   | Mangled by a blink frog

Skill      XL: |  1  2  3  4  5  6  7  8  9 10 11 |
---------------+----------------------------------+-----
Fighting       | 4 5 6 7 8 10 12 13 | 13.9
Axes           | 5 6 7 8 10 12 14 | 14.8
Invocations    | 4 5 |  5.8
Dodging        | |  2.4
Stealth        | |  1.5

Action                   |  1- 3 |  4- 6 |  7- 9 | 10-12 || total
-------------------------+-------+-------+-------+-------++-------
Melee: Hand axe          |    87 |    55 |   142 |   254 ||   538
       Broad axe         |       |    79 |   176 |    53 ||   308
Invok: Convert to Beogh  |       |       |     1 |       ||     1
       Recall Orcish Fol |       |       |       |     6 ||     6
Evoke: Wand              |       |       |     2 |       ||     2
  Use: Potion            |       |     4 |     2 |       ||     6
       Scroll            |       |       |     7 |     9 ||    16
 Stab: Sleeping          |     8 |     1 |     5 |     4 ||    18
       Confused          |       |       |     1 |       ||     1
       Fleeing           |       |       |     2 |       ||     2
       Distracted        |       |       |     1 |       ||     1
  Eat: Chunk             |       |     8 |    10 |     5 ||    23
       Royal jelly       |       |       |     1 |     1 ||     2
       Meat ration       |       |       |       |     3 ||     3
Armor: Robe              |    21 |       |       |       ||    21
       Skin              |       |     9 |       |       ||     9
       Ring mail         |       |    45 |    79 |    27 ||   151
       Chain mail        |       |       |       |    76 ||    76
Dodge: Dodged            |    66 |    77 |   177 |    96 ||   416
